Unix NetHack Version 5.0.0-0 post-release - last build May 17 2026 04:57:42 (dc50c8380fa5e20985bfe3072449f57b8d9895ef,branch:main).

Game began 2026-05-20 03:31:15, ended 2026-05-21 01:39:18.

Corncycle, chaotic male human Rogue

                          --------------------------
                          |@....h[a......%)........|
                          |.%...c.----------------.|
                          -------%------         |.|
                           |...........|         |.|
                           |0.`.......0|         |.|
                          --------.----|         |.|
                          |..[.........|         |[|
                          |.....)......|         |.|
                          -----.--------   ------|[|
                           |..........|  --|$$.$$|.|
                           |..........|  |.+...$$|[|
                           |.........--  |-|..$$`|.|
                          -------.----   |.+$..%.%.|
                          |........|     |-|$$$..|--
                          |........|     |.-$$$%%|
                          |...------     --|$$$$$|
                          -----            -------
Corncycle the Pilferer  St:18 Dx:16 Co:14 In:7 Wi:13 Ch:9  Chaotic
Dlvl:6  $:0  HP:0(61) Pw:41(41) AC:3  Xp:10 T:11839  Burdened

Latest messages:
 Click!  The gnome mummy triggers a rolling boulder trap.
 You hit the gnome mummy!
 The gnome mummy hits!
 You hit the gnome mummy!
 The gnome mummy hits!
 You hit the gnome mummy!
 The gnome mummy hits!
 You destroy the gnome mummy!
 The xan scratches your left boot!
 You hit the xan!
 The xan scratches your right boot!
 You hit the xan!
 The xan pricks the exposed part of your left leg!
 Your movements are slowed slightly because of your load.
 The xan pricks the exposed part of your right leg!
 You hit the xan!
 The xan pricks the exposed part of your left leg!
 The xan scratches your left boot!
 You miss the xan.
 The xan scratches your left boot!
 You miss the xan.
 The xan scratches your left boot!
 You hit the xan!
 The xan scratches your left boot!
 The xan pricks through your left boot!
 The xan misses!
 The xan pricks the exposed part of your right leg!
 You hit the xan!
 The xan just misses!
 The xan scratches your left boot!
 You kill the xan!
 Click!  The pyrolisk triggers a rolling boulder trap.
 The hobbit thrusts her dagger.
 The hobbit misses!
 The pyrolisk attacks you with a fiery gaze!
 Your boots smoulder!
 The pyrolisk bites!
 The hobbit thrusts her dagger.
 The hobbit hits!
 The pyrolisk attacks you with a fiery gaze!
 The pyrolisk attacks a spot beside you.
 The pyrolisk attacks you with a fiery gaze!
 Click!  The giant beetle triggers a rolling boulder trap.
 The pyrolisk attacks you with a fiery gaze!
 You die...
 Do you want your possessions identified? [ynq] (y)
 Do you want to see your attributes? [ynq] (y)
 Do you want an account of creatures vanquished? [ynaq] (y)
 Do you want to see your conduct and achievements? [ynq] (y)
 Do you want to see the dungeon overview? [ynq] (y)

Inventory:
 Weapons  (')')
  e - a blessed rustproof +1 dagger
  E - a +0 dagger
  b - a rusty +0 dagger
  J - a rusty corroded +0 dagger
  T - a very rusty +0 dagger
  t - a fireproof +0 elven dagger (at the ready)
  d - a +0 orcish dagger
  a - a +0 long sword (weapon in right hand)
 Armor    ('[')
  s - an uncursed +0 helmet (being worn)
  N - an uncursed burnt +0 pair of leather gloves (being worn)
  H - an uncursed burnt +0 pair of low boots (being worn)
  f - an uncursed burnt +0 shield of shock resistance (being worn)
  G - an uncursed +0 cloak of protection (being worn)
  c - an uncursed +1 leather armor (being worn)
 Comestibles  ('%')
  j - an uncursed food ration
  k - an uncursed lizard corpse
 Rings    ('=')
  Q - a blessed +3 ring of adornment
  M - an uncursed ring of cold resistance
  D - an uncursed ring of fire resistance
  w - an uncursed ring of invisibility
  g - an uncursed ring of levitation
  o - an uncursed ring of protection from shape changers
  m - an uncursed ring of stealth
 Wands    ('/')
  I - a wand of create monster (0:12)
  L - a wand of create monster (0:10)
  u - a wand of digging (0:1)
  q - a wand of fire (0:0)
  O - a wand of magic missile (0:4)
  p - a wand of polymorph (0:5)
  v - a wand of probing (0:5)
  A - a wand of secret door detection (0:10)
  h - a wand of slow monster (0:7)
  r - a wand of striking (0:1)
  W - a wand of striking (0:0)
  i - a wand of undead turning (0:7)
  K - a wand of undead turning (0:3)
 Tools    ('(')
  Y - a blessed bag of holding containing 45 items
  B - an empty uncursed sack
  y - a bag of tricks (0:13)
  z - an uncursed brass lantern
  C - an expensive camera (0:38)
  P - an uncursed magic whistle
  l - an uncursed pair of lenses
  S - an uncursed skeleton key
  X - an uncursed towel

Contents of the bag of holding:
  1464 gold pieces
  a cursed amulet of flying
  a blessed +1 dagger
  a blessed +0 dagger
  a +0 long sword
  an uncursed +0 pair of leather gloves
  an uncursed +1 cloak of invisibility
  an uncursed cram ration
  7 uncursed food rations
  an uncursed K-ration
  a cursed lembas wafer
  2 uncursed tripe rations
  a cursed tin of hobbit meat
  an uncursed tin of vampire bat meat
  3 uncursed scrolls of blank paper
  a cursed scroll of blank paper
  a blessed scroll of confuse monster
  an uncursed scroll of confuse monster
  a cursed scroll of confuse monster
  4 uncursed scrolls of create monster
  a cursed scroll of create monster
  an uncursed scroll of destroy armor
  a blessed scroll of earth
  a cursed scroll of earth
  2 uncursed scrolls of enchant armor
  2 uncursed scrolls of enchant weapon
  a blessed scroll of fire
  2 uncursed scrolls of fire
  a blessed scroll of genocide
  a cursed scroll of genocide
  2 uncursed scrolls of light
  an uncursed scroll of teleportation
  an uncursed potion of gain ability
  an uncursed potion of gain energy
  a cursed potion of gain level
  a blessed potion of healing
  a cursed potion of paralysis
  a cursed potion of sickness
  a cursed potion of speed
  3 potions of holy water
  an uncursed ring of levitation
  an uncursed ring of protection from shape changers
  a magic marker (0:42)
  an uncursed oil lamp
  a +0 unicorn horn

Corncycle the Rogue's attributes:

Background:
 You were a Pilferer, a level 10 male human Rogue.
 You were chaotic, on a mission for Kos
 who was opposed by Issek (lawful) and Mog (neutral).
 You were right-handed.
 You were in Sokoban, on level 6.
 You entered the dungeon 11839 turns ago.
 It was nighttime.
 You had 6038 experience points, 3962 more were needed to attain level 11.

Basics:
 You had 0 out of 61 hit points.
 You had all 41 energy points (spell power).
 Your armor class was 3.
 Your wallet was empty, but
 you had 1464 zorkmids stashed away in your pack.
 Autopickup was on for '.' plus thrown.

Final Characteristics:
 Your strength was 18 (peak:18/01, limit:18/100).
 Your dexterity was 16 (base:17, limit:18).
 Your constitution was 14 (limit:18).
 Your intelligence was 7 (limit:18).
 Your wisdom was 13 (limit:18).
 Your charisma was 9 (limit:18).

Final Status:
 You had wounded legs.
 You weren't hungry.
 You were burdened; movement was slightly slowed.
 You were wielding a long sword.
 You were skilled in long sword.

Final Attributes:
 You were piously aligned.
 You were cold resistant.
 You were shock resistant.
 Your items were protected from electric shocks.
 You saw invisible.
 You were telepathic.
 You had automatic searching.
 You were invisible to others.
 You were stealthy.
 You were protected.
 You are dead.

Miscellaneous:
 You encountered 3 bones levels.
 Total elapsed playing time was 4 hours, 38 minutes and 49 seconds.

Major events:
 Turn
    1: Corncycle the chaotic male human Rogue entered the dungeon
  406: entered the Gnomish Mines
  962: attained the rank of Cutpurse (level 3)
  998: found Demonbane on the floor
 2193: attained the rank of Rogue (level 6)
 3447: reached Mine Town
 8790: entered Sokoban
 9394: completed 1st Sokoban level
 9748: completed 2nd Sokoban level
10075: completed 3rd Sokoban level
11234: completed 4th Sokoban level
11291: attained the rank of Pilferer (level 10)
11839: killed by a pyrolisk

Spells:
 Name                 Level Category     Fail Retention
 identify               3   divination   100%   51%-75%

Skills:
 Fighting Skills
   bare handed combat [Unskilled]
   two weapon combat  [Unskilled]
   riding             [Unskilled]
 Weapon Skills
   dagger             [Expert]
   knife              [Unskilled]
   short sword        [Basic]
   broadsword         [Unskilled]
   long sword         [Skilled]
   two-handed sword   [Unskilled]
   saber              [Unskilled]
   club               [Unskilled]
   mace               [Unskilled]
   morning star       [Unskilled]
   flail              [Unskilled]
   hammer             [Unskilled]
   polearms           [Unskilled]
   spear              [Unskilled]
   crossbow           [Unskilled]
   dart               [Unskilled]
   shuriken           [Unskilled]
 Spellcasting Skills
   divination spells  [Unskilled]
   escape spells      [Unskilled]
   matter spells      [Unskilled]

Voluntary challenges:
 Character rerolling was not enabled.
 You never genocided any monsters.
 You never polymorphed an object.
 You never changed form.
 You used no wishes.
 You did not violate any of the special Sokoban rules.
Achievements:
 You entered the Gnomish Mines.
 You entered a shop.
 You attained the rank of Cutpurse.
 You attained the rank of Rogue.
 You entered Minetown.
 You entered a temple.
 You entered Sokoban.
 You attained the rank of Pilferer.

 The Dungeons of Doom: levels 1 to 11
    Level 1:
    Level 2:
       Stairs down to The Gnomish Mines.
    Level 3:
       A general store.
    Level 4:
       An altar to Kos, a fountain, a grave.
       Final resting place for
          Brudee-Kni-Hum-Mal-Law, killed by a jackal.
    Level 5:
       Some fountains.
    Level 6:
       A fountain, some sinks.
    Level 7:
       A grave.
    Level 8:
    Level 9:
       Many fountains.
       Oracle of Delphi.
    Level 10:
       Stairs up to Sokoban, level 9.
    Level 11:
       A temple and an altar to Kos.
 The Gnomish Mines: levels 3 to 10
    Level 3:
    Level 4:
    Level 5:
       A grave.
       Final resting place for
          Nestorix-Arc-Hum-Fem-Law, killed by a hill orc.
    Level 6:
       Many shops, a temple and an altar, some fountains.
    Level 7:
       A grave.
       Final resting place for
          Kwijibo4686-Mon-Hum-Fem-Neu, killed by a displacer beast.
    Level 8:
    Level 9:
    Level 10:
 Sokoban: levels 9 up to 6
    Level 6: <- You were here.
       Solved.
       Final resting place for
          you, killed by a pyrolisk.
    Level 7:
       Solved.
    Level 8:
       Solved.
    Level 9:
       Solved.


Vanquished creatures:
  3 ghosts
  2 giant mimics
  a large mimic
  a stalker
  3 wargs
  a small mimic
  3 xans
 an ettin mummy
  a quantum mechanic
  2 gelatinous cubes
  a tiger
  a gargoyle
 an ochre jelly
  a leocrotta
  a carnivorous ape
 an ettin zombie
  3 soldiers
  2 watchmen
  2 giant beetles
  a quivering blob
  8 wolves
  a winter wolf cub
  a spotted jelly
  2 leprechauns
  a horse
  a vampire bat
  a forest centaur
  2 gnome rulers
 an orc mummy
  a brown pudding
  2 rust monsters
 an owlbear
  a gold golem
  2 lizards
  a housecat
  a jaguar
  a blue jelly
  a gray unicorn
  a raven
  a plains centaur
  a gnome mummy
  a snake
  a human zombie
  2 Woodland-elves
  a fire ant
  3 bugbears
  2 wood nymphs
  2 water nymphs
  a mountain nymph
  a rock piercer
  a rock mole
  3 ponies
  a fog cloud
  a yellow light
  a shrieker
  2 violet fungi
  9 gnome leaders
  4 gnomish wizards
  a gray ooze
  a barrow wight
  a straw golem
  a paper golem
 10 giant ants
  a little dog
  2 floating eyes
  2 kittens
 14 dwarves
 27 hill orcs
  6 rothes
  a giant bat
  2 monkeys
  3 orc zombies
  3 dwarf zombies
  a wererat
  a werejackal
  8 iguanas
 15 killer bees
  3 acid blobs
 15 coyotes
  2 gas spores
  7 manes
  5 hobgoblins
  2 giant rats
  a cave spider
  a brown mold
 45 gnomes
  8 garter snakes
  7 geckos
 10 jackals
  a kobold
  7 goblins
  5 grid bugs
  5 bats
  6 lichens
  4 kobold zombies
  4 newts
338 creatures vanquished.

No species were genocided or became extinct.

Game over:
                       ----------
                      /          \
                     /    REST    \
                    /      IN      \
                   /     PEACE      \
                  /                  \
                  |    Corncycle     |
                  |     1464 Au      |
                  |   killed by a    |
                  |     pyrolisk     |
                  |                  |
                  |                  |
                  |       2026       |
                 *|     *  *  *      | *
        _________)/\\_//(\/(/\)/\//\/|_)_______

Goodbye Corncycle the Rogue...

You died in Sokoban on dungeon level 6 with 26030 points,
and 1464 pieces of gold, after 11839 moves.
You were level 10 with a maximum of 61 hit points when you died.

